 Dungeon Crawl Stone Soup version 0.21-a0-538-gd16b88a (webtiles) character file.

59 tidbits the Grasshopper (level 4, -2/57 HPs)
             Began as a Gnoll Warper on Dec 16, 2017.
             Killed from afar by an orc wizard (5 damage)
             ... with a magic dart
             ... on level 3 of the Dungeon.
             The game lasted 00:05:09 (568 turns).

tidbits the Grasshopper (Gnoll Warper)               Turns: 568, Time: 00:05:10

Health: -2/57      AC:  4    Str: 19    XL:     4   Next: 3%
Magic:  10/11      EV: 14    Int: 16    God:
Gold:   93         SH:  0    Dex: 14    Spells: 9/13 levels left

rFire    . . .     SeeInvis +   a - +0 hand axe
rCold    . . .     Gourm    .   (no shield)
rNeg     . . .     Faith    .   B - +0 leather armour
rPois    .         Spirit   .   (no helmet)
rElec    .         Reflect  .   (no cloak)
rCorr    .         Harm     .   G - +0 pair of gloves
MR       .....                  (no boots)
Stlth    ..........             (no amulet)
HPRegen  0.19/turn              I - ring of see invisible
MPRegen  0.12/turn              r - ring of flight

@: berserking, very quick
A: distributed training, fangs 1, strong nose
a: Evoke Flight


You were on level 3 of the Dungeon.
You were not hungry.

You visited 1 branch of the dungeon, and saw 4 of its levels.

You collected 93 gold pieces.

Inventory:

Hand Weapons
 a - a +0 hand axe (weapon)
 b - a +0 dagger of freezing
   (You took it off a hobgoblin on level 2 of the Dungeon)
 l - a +0 short sword
 m - a +0 dagger
Missiles
 e - 5 tomahawks of dispersal {!f}
 g - 22 stones
 q - 2 javelins (quivered)
Armour
 i - a +0 ring mail
 v - a +0 ring mail
 B - a +0 leather armour (worn)
 G - a +0 pair of gloves (worn)
Jewellery
 r - a ring of flight (right hand)
   (You found it on level 2 of the Dungeon)
 I - a ring of see invisible (left hand)
   (You found it on level 2 of the Dungeon)
Scrolls
 d - a scroll of blinking
 k - a scroll of identify {unknown}
 n - a scroll of magic mapping {unknown}
 o - a scroll of remove curse
Potions
 s - a potion of haste {unknown}
 t - a potion of brilliance
Books
 c - a book of Spatial Translocations

   Spells                             Type                      Level
   a - Blink                          Translocation                2
   b - Shroud of Golubria             Charms/Translocation         2
   c - Lesser Beckoning               Translocation                3
   d - Gell's Gravitas                Translocation                3
   e - Teleport Other                 Translocation                3
   f - Passage of Golubria            Translocation                4
 w - a book of Cantrips
   (You found it on level 3 of the Dungeon)

   Spells                             Type                      Level
   a - Confusing Touch                Hexes                        1
   b - Animate Skeleton               Necromancy                   1
   c - Summon Small Mammal            Summoning                    1
   d - Apportation                    Translocation                1
Comestibles
 f - a bread ration
 h - a meat ration
 u - a royal jelly


   Skills:
 + Level 4.6 Fighting
 + Level 1.0 Short Blades
 + Level 1.0 Long Blades
 + Level 4.6 Axes
 + Level 1.0 Maces & Flails
 + Level 1.0 Polearms
 + Level 1.0 Staves
 + Level 1.0 Slings
 + Level 1.0 Bows
 + Level 1.0 Crossbows
 + Level 2.7 Throwing
 + Level 2.7 Armour
 + Level 4.6 Dodging
 + Level 1.0 Stealth
 + Level 1.0 Shields
 + Level 1.0 Unarmed Combat
 + Level 5.0 Spellcasting
 + Level 0.7 Conjurations
 + Level 0.7 Hexes
 + Level 0.7 Charms
 + Level 0.7 Summonings
 + Level 0.7 Necromancy
 + Level 5.4 Translocations
 + Level 0.7 Transmutations
 + Level 0.7 Fire Magic
 + Level 0.7 Ice Magic
 + Level 0.7 Air Magic
 + Level 0.7 Earth Magic
 + Level 0.7 Poison Magic
 + Level 1.1 Invocations
 + Level 1.0 Evocations


You had 9 spell levels left.
You knew the following spells:

 Your Spells              Type           Power        Failure   Level  Hunger
b - Blink                 Tloc           N/A          2%          2    #......
g - Shroud of Golubria    Chrm/Tloc      ##........   8%          2    #......


Dungeon Overview and Level Annotations

Branches:
Dungeon (4/15)
 Temple: D:4-7

Altars:
Elyvilon


Innate Abilities, Weirdness & Mutations

Your experience applies equally to all skills.
You have very sharp teeth.
Your uncanny sense of smell can sniff out nearby items.


Message History

The hobgoblin shouts!
The orc wizard points at you and mumbles some strange words.
You feel yourself slow down.
Things that are here:
a sedimented brown potion; a ring mail
v - a ring mail
t - 2 sedimented brown potions (gained 1)
A hobgoblin comes into view. It is wielding a club.
The orc wizard casts a spell.
The orc wizard blinks!
The orc wizard casts a spell at you.
You feel as though you will be slow longer.
The hobgoblin misses you.
The orc wizard gestures at you while chanting.
The magic dart hits you!
You see here a book of Cantrips.
w - a book of Cantrips The orc wizard points at you and mumbles some strange words.
You resist with some effort. The hobgoblin misses you. x2
As you read the scroll labeled NUEGGA QURYOT, it crumbles to dust.
You feel blessed for a moment.
It was a scroll of remove curse.
The orc wizard closely misses you. The hobgoblin misses you.
Casting: Shroud of Golubria
Confirm with . or Enter, or press ? or * to list all spells.
Space distorts slightly along a thin shroud covering your body.
The orc wizard barely misses you.
The orc wizard hits you but does no damage.
The hobgoblin closely misses you. The orc wizard barely misses you.
Your shroud bends the hobgoblin's attack away.
The hobgoblin hits you with a club.
Your shroud falls apart!
You closely miss the orc wizard. You barely miss the hobgoblin.
You hit the hobgoblin.
The orc wizard hits you but does no damage.
The hobgoblin barely misses you.
The orc wizard hits you but does no damage.
The hobgoblin misses you.
You hit the orc wizard.
The orc wizard is heavily wounded.
You hit the hobgoblin.
You kill the hobgoblin!
You hit the hobgoblin but do no damage. The orc wizard barely misses you.
The hobgoblin misses you. The orc wizard hits you with a dagger.
* * * LOW HITPOINT WARNING * * *
The hobgoblin misses you.
An orc comes into view. It is wielding a club.
You barely miss the orc wizard.
The orc shouts!
Your bite misses the orc wizard.
The orc wizard is heavily wounded.
You hit the hobgoblin.
You hear a shout! x2
The orc wizard points at you and mumbles some strange words.
You feel as though you will be slow longer.
The orc wizard gestures at you while chanting.
You resist with some effort.
The hobgoblin hits you but does no damage.
The orc wizard misses you.
You hit the orc wizard.
The orc wizard is severely wounded.
You hit the hobgoblin but do no damage. The orc wizard closely misses you.
The hobgoblin closely misses you. The hobgoblin completely misses you.
The orc wizard casts a spell.
The orc wizard blinks!
You closely miss the hobgoblin.
The hobgoblin is moderately wounded.
The hobgoblin completely misses you.
An orc comes into view. It is wielding a dagger.
You barely miss the hobgoblin. You bite the hobgoblin.
The hobgoblin is heavily wounded.
The orc wizard mumbles some strange words.
The orc wizard blinks!
The hobgoblin hits you.
* * * LOW HITPOINT WARNING * * *
The orc wizard points at you and mumbles some strange words.
The magic dart hits you!
* * * LOW HITPOINT WARNING * * *
The hobgoblin misses you.
An orc comes into view. It is wielding an enchanted whip.
It was a potion of brilliance.
You feel clever all of a sudden.
The hobgoblin hits you but does no damage.
The orc hits you with a club.
* * * LOW HITPOINT WARNING * * *
The hobgoblin barely misses you.
It was a potion of cancellation.
Your magical effects are unravelling.
You feel magically purged.
You feel yourself speed up.
You feel a little less clever now.
The orc wizard mumbles some strange words.
The orc wizard blinks!
The orc hits you but does no damage. The hobgoblin barely misses you.
The orc hits you with a dagger.
* * * LOW HITPOINT WARNING * * *
It was a potion of berserk rage.
A red film seems to cover your vision as you go berserk!
You feel yourself moving faster!
You feel mighty! The orc closely misses you. The hobgoblin hits you.
* * * LOW HITPOINT WARNING * * *
The orc wizard points at you and mumbles some strange words.
The magic dart hits you!
You die...

#.# ..# .# . ###
#.###.###.#.###..
..######.#...#...#......
.....................>.#
..#......#..†..#.......#
........................
###.....####............
.##.....###...o.........
...†.....##.....@g......
###......##.....oo......
######.##...........%.
...#.####o###o## ##.#.
..# # ..#. #.# . #. .#
..


You could see an orc priest (wandering), an orc wizard, 3 orcs and a hobgoblin.

Vanquished Creatures
  An adder (D:2)
  A worm (D:3)
  A dart slug (D:1)
  2 leopard geckos
  3 bats
  2 giant cockroaches (D:1)
  5 goblins
  6 hobgoblins
  7 jackals (D:1)
  2 frilled lizards (D:2)
  4 kobolds
  5 rats
39 creatures vanquished.

Vanquished Creatures (others)
  A hobgoblin (D:3)
1 creature vanquished.

Grand Total: 40 creatures vanquished

Notes
Turn   | Place    | Note
-------+----------+-------------------------------------------
     0 | D:1      | tidbits the Gnoll Warper began the quest for the Orb.
     0 | D:1      | Reached XP level 1. HP: 20/20 MP: 6/6
    80 | D:1      | Reached XP level 2. HP: 24/26 MP: 7/7
    84 | D:1      | Learned a level 2 spell: Blink
    87 | D:1      | Learned a level 2 spell: Shroud of Golubria
   174 | D:1      | Reached XP level 3. HP: 8/31 MP: 3/9
   194 | D:1      | Reached skill level 5 in Spellcasting
   277 | D:2      | Found a white marble altar of Elyvilon.
   333 | D:2      | Reached skill level 1 in Invocations
   465 | D:4      | Noticed a phantom
   531 | D:3      | Reached skill level 1 in Short Blades
   531 | D:3      | Reached skill level 1 in Long Blades
   531 | D:3      | Reached skill level 1 in Maces & Flails
   531 | D:3      | Reached skill level 1 in Polearms
   531 | D:3      | Reached skill level 1 in Staves
   531 | D:3      | Reached skill level 1 in Slings
   531 | D:3      | Reached skill level 1 in Bows
   531 | D:3      | Reached skill level 1 in Crossbows
   531 | D:3      | Reached skill level 1 in Stealth
   531 | D:3      | Reached skill level 1 in Shields
   531 | D:3      | Reached skill level 1 in Unarmed Combat
   531 | D:3      | Reached skill level 1 in Evocations
   548 | D:3      | Reached XP level 4. HP: 38/38 MP: 11/11
   567 | D:3      | HP: 3/38 [orc/dagger (4)]
   568 | D:3      | Killed from afar by an orc wizard

Vault maps used:
D:1:      dpeg_arrival_rhombi
D:2:      marbit_many_paths, serial_bayou_pond_d, grunt_ministairs_8
D:3:      lemuel_old_faithful, uniq_ijyb
D:4:      lemuel_doored_altar, temple_statues

Skill      XL: |  1  2  3 |
---------------+----------+-----
Spellcasting   | 5 |  5.0
Invocations    | 1 |  1.1
Short Blades   | 1 |  1.0
Long Blades    | 1 |  1.0
Maces & Flails | 1 |  1.0
Polearms       | 1 |  1.0
Staves         | 1 |  1.0
Slings         | 1 |  1.0
Bows           | 1 |  1.0
Crossbows      | 1 |  1.0
Stealth        | 1 |  1.0
Shields        | 1 |  1.0
Unarmed Combat | 1 |  1.0
Evocations     | 1 |  1.0
Fighting       | |  4.6
Axes           | |  4.6
Throwing       | |  2.7
Armour         | |  2.7
Dodging        | |  4.6
Conjurations   | |  0.7
Hexes          | |  0.7
Charms         | |  0.7
Summonings     | |  0.7
Necromancy     | |  0.7
Translocations | |  5.4
Transmutations | |  0.7
Fire Magic     | |  0.7
Ice Magic      | |  0.7
Air Magic      | |  0.7
Earth Magic    | |  0.7
Poison Magic   | |  0.7

Action                   |  1- 3 |  4- 6 || total
-------------------------+-------+-------++-------
Melee: Hand axe          |    86 |     6 ||    92
       Bite              |    10 |     1 ||    11
       Dagger            |    26 |       ||    26
Throw: Javelin           |     4 |       ||     4
 Cast: Shroud of Golubri |    11 |     1 ||    12
  Use: Potion            |       |     3 ||     3
       Scroll            |       |     1 ||     1
Armor: Leather armour    |    26 |     4 ||    30
Dodge: Dodged            |    98 |    22 ||   120

Table legend:
 A = Spawn XP
 B = Non-spawn XP
 C = Spawn XP percentage of total XP
 D = Spawn monster count
 E = Non-spawn monster count
 F = Spawn count percentage of total count
 G = Total turns spent on level
                    A         B        C        D         E        F      G
               +---------+---------+-------+---------+---------+-------+---------
         Total |       0 |      85 |   0.0 |       0 |      39 |   0.0 |   568
               +---------+---------+-------+---------+---------+-------+---------
           D:1 |       0 |      46 |   0.0 |       0 |      24 |   0.0 |   246
           D:2 |       0 |      27 |   0.0 |       0 |       9 |   0.0 |   194
           D:3 |       0 |      12 |   0.0 |       0 |       6 |   0.0 |   103
               +---------+---------+-------+---------+---------+-------+---------

Table legend:
 A = Turns spent in this place as a percentage of turns spent in the entire game.
 B = Non-inter-level travel turns spent in this place as a percentage of non-inter-level travel turns spent in the entire game.
 C = Inter-level travel turns spent in this place as a percentage of turns spent in this place.
 D = Turns resting spent in this place as a percentage of non-inter-level travel turns spent in this place.
 E = Turns spent auto-exploring this place as a percentage of non-inter-level travel turns spent in this place.
 F = Non-inter-level travel turns spent in this place divided by the number of levels of this place that you've seen.
                   A       B       C       D       E      F
               +-------+-------+-------+-------+-------+----------------------
         Total | 100.0 | 100.0 |   0.0 |   0.0 |   0.0 | 142.0
       Dungeon | 100.0 | 100.0 |   0.0 |   0.0 |   0.0 | 142.0
               +-------+-------+-------+-------+-------+----------------------

Table legend:
 A = Kills in this place as a percentage of kills in entire the game.
 B = Kills by you in this place as a percentage of kills by you in the entire game.
 C = Kills by friends in this place as a percentage of kills by friends in the entire game.
 D = Other kills in this place as a percentage of other kills in the entire game.
 E = Experience gained in this place as a percentage of experience gained in the entire game.
 F = Experience gained in this place divided by the number of levels of this place that you have seen.
                   A       B       C       D       E      F
               +-------+-------+-------+-------+-------+----------------------
         Total | 100.0 | 100.0 |   N/A |   N/A | 100.0 |  21.2
       Dungeon | 100.0 | 100.0 |   N/A |   N/A | 100.0 |  21.2
               +-------+-------+-------+-------+-------+----------------------

Vault maps used:
D:1:      dpeg_arrival_rhombi
D:2:      marbit_many_paths, serial_bayou_pond_d, grunt_ministairs_8
D:3:      lemuel_old_faithful, uniq_ijyb
D:4:      lemuel_doored_altar, temple_statues
